NYP
BATAVIA MUCKDOGS @ LOS ANGELES (NYP) DODGERS
05/11/2049
 
TOP OF THE 1ST
Batavia Muckdogs batting - Pitching for Los Angeles (NYP) Dodgers : RHP Guy Jerome
Pitching: RHP Guy Jerome
Batting: RHB Jeremy Dennis 0-0: Ball
1-0: Fly out, F9 (Line Drive, 9S, EV 92.5 MPH)
Batting: RHB Rick English 0-0: Ball
1-0: Ground out 5-3 (Groundball, 56S, EV 78.1 MPH)
Batting: SHB Justin Corbett 0-0: Swinging Strike
0-1: Ball
1-1: Ball
2-1: Swinging Strike
2-2: Strikes out swinging
Top of the 1st over - 0 runs, 0 hits, 0 errors, 0 left on base; Batavia 0 - Los Angeles (NYP) 0
BOTTOM OF THE 1ST
Los Angeles (NYP) Dodgers batting - Pitching for Batavia Muckdogs : RHP Ryan Kominski
Pitching: RHP Ryan Kominski
Batting: SHB Guy Jerome 0-0: Called Strike
0-1: Called Strike
0-2: Ball
1-2: Ball
2-2: Strikes out swinging
Batting: RHB Perry Dominey 0-0: Foul Ball, location: 2F
0-1: Ball
1-1: Ball
2-1: TRIPLE (Flyball, 9LD, EV 107.5 MPH)
Batting: LHB Randy Stapleton 0-0: Foul Ball, location: 2F
0-1: Called Strike
0-2: Strikes out swinging
Batting: SHB Marcos Cortez 0-0: Ground out U3 (Groundball, 3, EV 108.8 MPH)
Bottom of the 1st over - 0 runs, 1 hit, 0 errors, 1 left on base; Batavia 0 - Los Angeles (NYP) 0
TOP OF THE 2ND
Batavia Muckdogs batting - Pitching for Los Angeles (NYP) Dodgers : RHP Guy Jerome
Batting: RHB Justin Dunham 0-0: Ball
1-0: Ground out 4-3 (Groundball, 6M, EV 86.9 MPH)
Batting: RHB Tony Ledezma 0-0: Called Strike
0-1: Ball
1-1: Foul Ball, location: 2F
1-2: Strikes out looking
Batting: RHB Andy Kelly 0-0: Ball
1-0: Ball
2-0: Called Strike
2-1: Called Strike
2-2: Ball
3-2: Strikes out swinging
Top of the 2nd over - 0 runs, 0 hits, 0 errors, 0 left on base; Batavia 0 - Los Angeles (NYP) 0
BOTTOM OF THE 2ND
Los Angeles (NYP) Dodgers batting - Pitching for Batavia Muckdogs : RHP Ryan Kominski
Batting: RHB Frank Elizondo 0-0: Ground out 4-3 (Groundball, 34, EV 82.5 MPH)
Batting: RHB Cory Bonham 0-0: Fly out, F9 (Line Drive, 9S, EV 91.2 MPH)
Batting: SHB Dave Reynoso 0-0: Called Strike
0-1: Fly out, F5 (Popup, 5SF, EV 80.6 MPH)
Bottom of the 2nd over - 0 runs, 0 hits, 0 errors, 0 left on base; Batavia 0 - Los Angeles (NYP) 0
TOP OF THE 3RD
Batavia Muckdogs batting - Pitching for Los Angeles (NYP) Dodgers : RHP Guy Jerome
Batting: RHB George Boivin 0-0: Ball
1-0: SINGLE (Line Drive, 34D, EV 99.4 MPH)
Batting: RHB Hiromitsu Yamada 0-0: Called Strike
George Boivin steals 2nd base
0-1: Called Strike
0-2: Ball
1-2: Foul Ball, location: 2F
1-2: Strikes out swinging
Batting: RHB Calvin Morin 0-0: Called Strike
0-1: Ground out 5-3 (Groundball, 56S, EV 87.5 MPH)
Batting: RHB Jeremy Dennis 0-0: Ball
1-0: Ball
2-0: Ball
3-0: Called Strike
3-1: Ground out 6-3 (Groundball, 6, EV 88.1 MPH)
Top of the 3rd over - 0 runs, 1 hit, 0 errors, 1 left on base; Batavia 0 - Los Angeles (NYP) 0
BOTTOM OF THE 3RD
Los Angeles (NYP) Dodgers batting - Pitching for Batavia Muckdogs : RHP Ryan Kominski
Batting: RHB Chris Graham 0-0: Called Strike
0-1: Called Strike
0-2: Foul Ball, location: 2F
0-2: Ball
1-2: Foul Ball, location: 2F
1-2: Strikes out swinging
Batting: RHB Yok-sing Zhào 0-0: Called Strike
0-1: Foul Ball, location: 2F
0-2: Ball
1-2: Ground out 5-3 (Groundball, 5, EV 106.2 MPH)
Batting: SHB Guy Jerome 0-0: Foul Ball, location: 2F
0-1: Ball
1-1: Called Strike
1-2: SINGLE (Groundball, 56D, EV 103.1 MPH)
Batting: RHB Perry Dominey 0-0: Ball
1-0: Ball
2-0: Foul Ball, location: 2F
2-1: Fly out, F8 (Flyball, 8LXD, EV 98.1 MPH)
Bottom of the 3rd over - 0 runs, 1 hit, 0 errors, 1 left on base; Batavia 0 - Los Angeles (NYP) 0
TOP OF THE 4TH
Batavia Muckdogs batting - Pitching for Los Angeles (NYP) Dodgers : RHP Guy Jerome
Batting: RHB Rick English 0-0: Ball
1-0: Ball
2-0: Foul Ball, location: 2F
2-1: Ball
3-1: Foul Ball, location: 2F
3-2: Strikes out swinging
Batting: SHB Justin Corbett 0-0: Ball
1-0: Ball
2-0: Ball
3-0: Base on Balls
Batting: RHB Justin Dunham 0-0: Ball
1-0: Ball
Justin Corbett steals 2nd base
2-0: 2-RUN HOME RUN (Flyball, 78XD, EV 111.9 MPH), Distance : 430 ft
Batting: RHB Tony Ledezma 0-0: Called Strike
0-1: SOLO HOME RUN (Line Drive, 78XD, EV 111.9 MPH), Distance : 434 ft
Batting: RHB Andy Kelly 0-0: Called Strike
0-1: Ball
1-1: SINGLE (Groundball, 6MS, EV 63.1 MPH) (infield hit)
Batting: RHB George Boivin 0-0: Ball
Andy Kelly steals 2nd base
1-0: Called Strike
1-1: Foul Ball, location: 2F
1-2: Foul Ball, location: 2F
1-2: Ball
2-2: Fly out, F8 (Flyball, 8RM, EV 95.6 MPH)
Batting: RHB Hiromitsu Yamada 0-0: Ball
1-0: Ball
2-0: Ground out 6-3 (Groundball, 6, EV 100.0 MPH)
Top of the 4th over - 3 runs, 3 hits, 0 errors, 1 left on base; Batavia 3 - Los Angeles (NYP) 0
BOTTOM OF THE 4TH
Los Angeles (NYP) Dodgers batting - Pitching for Batavia Muckdogs : RHP Ryan Kominski
Batting: LHB Randy Stapleton 0-0: SINGLE (Groundball, 56S, EV 64.4 MPH) (infield hit)
Batting: SHB Marcos Cortez 0-0: Fielders Choice at 2nd, 6-4 (Groundball, 6, EV 105.0 MPH)
Batting: RHB Frank Elizondo 0-0: Swinging Strike
0-1: Ball
1-1: Hit by Pitch
Marcos Cortez to second
Batting: RHB Cory Bonham 0-0: Ball
1-0: Called Strike
1-1: Swinging Strike
1-2: Grounds into double play, 1-6-3 (Groundball, 13S, EV 75.0 MPH)
Bottom of the 4th over - 0 runs, 1 hit, 0 errors, 1 left on base; Batavia 3 - Los Angeles (NYP) 0
TOP OF THE 5TH
Batavia Muckdogs batting - Pitching for Los Angeles (NYP) Dodgers : RHP Guy Jerome
Batting: RHB Calvin Morin 0-0: Fly out, F9 (Flyball, 9LM, EV 95.6 MPH)
Batting: RHB Jeremy Dennis 0-0: Ground out 6-3 (Groundball, 6, EV 86.2 MPH)
Batting: RHB Rick English 0-0: Foul Ball, location: 2F
0-1: Swinging Strike
0-2: Ball
1-2: Ball
2-2: Ball
3-2: Base on Balls
Batting: SHB Justin Corbett 0-0: Ball
1-0: Ball
2-0: Ball
Rick English is caught stealing 2nd base 2-6
Top of the 5th over - 0 runs, 0 hits, 0 errors, 0 left on base; Batavia 3 - Los Angeles (NYP) 0
BOTTOM OF THE 5TH
Los Angeles (NYP) Dodgers batting - Pitching for Batavia Muckdogs : RHP Ryan Kominski
Batting: SHB Dave Reynoso 0-0: Ball
1-0: Swinging Strike
1-1: Swinging Strike
1-2: DOUBLE (Line Drive, 7LM, EV 89.4 MPH)
Batting: RHB Chris Graham 0-0: Ball
1-0: Called Strike
1-1: Ball
2-1: Swinging Strike
2-2: Strikes out swinging
Batting: RHB Yok-sing Zhào 0-0: Ball
1-0: Ground out 6-3 (Groundball, 6, EV 84.4 MPH)
Dave Reynoso to third
Batting: SHB Guy Jerome 0-0: Ball
1-0: Foul Ball, location: 2F
1-1: Foul Ball, location: 2F
1-2: Ball
2-2: Ball
3-2: Foul Ball, location: 2F
3-2: Foul Ball, location: 2F
3-2: SINGLE (Line Drive, 56D, EV 94.4 MPH)
Dave Reynoso scores
Batting: RHB Perry Dominey 0-0: Ball
1-0: Swinging Strike
1-1: Called Strike
1-2: Strikes out swinging, 2-3 out at first.
Bottom of the 5th over - 1 run, 2 hits, 0 errors, 1 left on base; Batavia 3 - Los Angeles (NYP) 1
TOP OF THE 6TH
Batavia Muckdogs batting - Pitching for Los Angeles (NYP) Dodgers : RHP Guy Jerome
Batting: SHB Justin Corbett 0-0: Ball
1-0: Swinging Strike
1-1: Ball
2-1: SINGLE (Groundball, 4D, EV 101.9 MPH)
Batting: RHB Justin Dunham 0-0: Called Strike
Justin Corbett steals 2nd base
0-1: Ball
1-1: Ball
2-1: Foul Ball, location: 2F
2-2: Ball
3-2: Ground out 6-3 (Groundball, 6, EV 103.8 MPH)
Batting: RHB Tony Ledezma 0-0: Ball
1-0: Foul Ball, location: 2F
1-1: Ball
2-1: Swinging Strike
2-2: Ground out 6-3 (Groundball, 6, EV 110.0 MPH)
Pitching: RHP Justin Donovan
Batting: RHB Andy Kelly 0-0: Fly out, F2 (Popup, 15S, EV 83.1 MPH)
Top of the 6th over - 0 runs, 1 hit, 0 errors, 1 left on base; Batavia 3 - Los Angeles (NYP) 1
BOTTOM OF THE 6TH
Los Angeles (NYP) Dodgers batting - Pitching for Batavia Muckdogs : RHP Ryan Kominski
Batting: LHB Randy Stapleton 0-0: Swinging Strike
0-1: Ball
1-1: Ball
2-1: Called Strike
2-2: Foul Ball, location: 2F
2-2: Foul Ball, location: 2F
2-2: Ball
3-2: Strikes out swinging
Batting: SHB Marcos Cortez 0-0: Foul Ball, location: 2F
0-1: Ball
1-1: Foul Ball, location: 2F
1-2: Ball
2-2: Fly out, F7 (Line Drive, 7, EV 105.0 MPH)
Batting: RHB Frank Elizondo 0-0: Ball
1-0: Foul Ball, location: 2F
1-1: Ball
2-1: Ball
3-1: Swinging Strike
3-2: Strikes out looking
Bottom of the 6th over - 0 runs, 0 hits, 0 errors, 0 left on base; Batavia 3 - Los Angeles (NYP) 1
TOP OF THE 7TH
Batavia Muckdogs batting - Pitching for Los Angeles (NYP) Dodgers : RHP Justin Donovan
Batting: RHB George Boivin 0-0: Ball
1-0: SINGLE (Groundball, 4, EV 101.2 MPH)
Batting: RHB Hiromitsu Yamada 0-0: Ball
1-0: Bunt missed!
1-1: Sac Bunt to 25 - play at first, batter OUT! 5-3
George Boivin to second
Batting: RHB Calvin Morin 0-0: Called Strike
0-1: Fly out, F8 (Flyball, 8LXD, EV 105.0 MPH)
Runner from 2nd tags up, SAFE at 3rd, no throw by CF
Batting: RHB Jeremy Dennis 0-0: Ball
1-0: Ground out 3-1 (Groundball, 34S, EV 84.4 MPH)
Top of the 7th over - 0 runs, 1 hit, 0 errors, 1 left on base; Batavia 3 - Los Angeles (NYP) 1
BOTTOM OF THE 7TH
Los Angeles (NYP) Dodgers batting - Pitching for Batavia Muckdogs : RHP Ryan Kominski
Batting: RHB Cory Bonham 0-0: Foul Ball, location: 2F
0-1: Ball
1-1: Ground out 5-3 (Groundball, 56, EV 99.4 MPH)
Batting: SHB Dave Reynoso 0-0: Reached on error, E5 (Groundball, 56, EV 96.2 MPH)
Batting: RHB Chris Graham 0-0: 2-RUN HOME RUN (Flyball, 7LD, EV 92.5 MPH), Distance : 359 ft
Pinch Hitting: RHB Jose Corral 0-0: Foul Ball, location: 2F
0-1: Called Strike
0-2: Ball
1-2: Ball
2-2: Ground out 6-3 (Groundball, 6, EV 88.8 MPH)
Batting: SHB Guy Jerome 0-0: Foul Ball, location: 2F
0-1: Ball
1-1: Foul Ball, location: 2F
1-2: Ball
2-2: Ball
3-2: Ground out 3-1 (Groundball, 34, EV 80.6 MPH)
Bottom of the 7th over - 2 runs, 1 hit, 1 error, 0 left on base; Batavia 3 - Los Angeles (NYP) 3
TOP OF THE 8TH
Batavia Muckdogs batting - Pitching for Los Angeles (NYP) Dodgers : RHP Justin Donovan
Now in CF: Justin Van Houten
Batting: RHB Rick English 0-0: Called Strike
0-1: Called Strike
0-2: Foul Ball, location: 2F
0-2: Strikes out looking
Batting: SHB Justin Corbett 0-0: Ball
1-0: Called Strike
1-1: Ground out 4-3 (Groundball, 4, EV 91.2 MPH)
Pitching: LHP Conor Bailey
Batting: RHB Justin Dunham 0-0: Swinging Strike
0-1: Foul Ball, location: 2F
0-2: Ball
1-2: Fly out, F9 (Flyball, 9, EV 89.4 MPH)
Top of the 8th over - 0 runs, 0 hits, 0 errors, 0 left on base; Batavia 3 - Los Angeles (NYP) 3
BOTTOM OF THE 8TH
Los Angeles (NYP) Dodgers batting - Pitching for Batavia Muckdogs : RHP Ryan Kominski
Batting: RHB Perry Dominey 0-0: Ground out U3 (Groundball, 3, EV 107.5 MPH)
Batting: LHB Randy Stapleton 0-0: Ball
1-0: Called Strike
1-1: Foul Ball, location: 2F
1-2: Ball
2-2: Ball
3-2: TRIPLE (Flyball, 78XD, EV 93.1 MPH)
Pitching: RHP Glen Patterson
Batting: SHB Marcos Cortez 0-0: SINGLE (Groundball, 4D, EV 96.2 MPH)
Randy Stapleton scores
Batting: RHB Frank Elizondo 0-0: Foul Ball, location: 2F
0-1: Foul Ball, location: 2F
0-2: Foul Ball, location: 2F
0-2: Ball
1-2: Fly out, F8 (Flyball, 8RXD, EV 90.6 MPH)
Batting: RHB Cory Bonham 0-0: Ball
1-0: Swinging Strike
1-1: Swinging Strike
1-2: Strikes out looking
Bottom of the 8th over - 1 run, 2 hits, 0 errors, 1 left on base; Batavia 3 - Los Angeles (NYP) 4
TOP OF THE 9TH
Batavia Muckdogs batting - Pitching for Los Angeles (NYP) Dodgers : LHP Conor Bailey
Batting: RHB Tony Ledezma 0-0: Called Strike
0-1: Ball
1-1: Ball
2-1: Ball
3-1: Foul Ball, location: 2F
3-2: Base on Balls
Batting: RHB Andy Kelly 0-0: Called Strike
0-1: Foul Ball, location: 2F
0-2: Strikes out looking
Batting: RHB George Boivin 0-0: Called Strike
0-1: Foul Ball, location: 2F
0-2: Ball
1-2: Strikes out swinging
Batting: RHB Hiromitsu Yamada 0-0: Called Strike
0-1: Foul Ball, location: 2F
0-2: Fielders Choice at 2nd, 6-4 (Groundball, 6, EV 108.1 MPH)
Top of the 9th over - 0 runs, 0 hits, 0 errors, 1 left on base; Batavia 3 - Los Angeles (NYP) 4
Sunday, July 16th , 2023 - OOTP Baseball 24.6 Build 69